 Dungeon Crawl Stone Soup version 0.31.0-32-g396128a36d (webtiles) character file.

Game seed: 10058758073249867576

175774 nitefall the Severer (level 17, 0/118 (160) HPs)
             Began as a Minotaur Berserker on Apr 2, 2024.
             Was the Champion of Trog.
             Slain by a +2 dire flail of draining (6 damage)
             ... on level 2 of the Elven Halls.
             The game lasted 01:10:26 (24888 turns).

nitefall the Severer (Minotaur Berserker)          Turns: 24888, Time: 01:10:27

HP:   0/118 (160)   AC: 24    Str: 21    XL:     17   Next: 48%
MP:   14/14         EV: 10    Int:  4    God:    Trog [******]
Gold: 911           SH: 19    Dex: 14    Spells: 16/16 levels left

rFire   + . .        P - +9 broad axe (freeze)
rCold   + . .        Y - +0 tower shield
rNeg    . . .        W - +1 plate armour {rC+}
rPois   +            (helmet unavailable)
rElec   +            c - scarf {repulsion}
rCorr   +            y - +0 pair of gloves
SInv    +            l - +0 pair of boots
Will    +....        I - amulet of Suefojal {-Cast rElec rC+ Regen+ rCorr SInv} Stlth
                     X - ring of Emuv {Fire rElec rPois Str-5}
HPRegen 1.19/turn    v - ring of flight
MPRegen 0.14/turn

%: no spellcasting, repel missiles
@: about to teleport, flying, very heavily drained
A: horns 3, retaliatory headbutt, fangs 1, iridescent scales 1, low MP 1
a: Renounce Religion, Berserk, Trog's Hand, Brothers in Arms


You were on level 2 of the Elven Halls.
You worshipped Trog.
Trog was exalted by your worship.
You visited 4 branches of the dungeon, and saw 24 of its levels.
You also visited: Trove, Bailey, Ice Cave and Volcano.

You collected 4155 gold pieces.
You spent 3244 gold pieces at shops.

Inventory:

Hand Weapons
 A - a +3 antimagic broad axe
 P - a +9 broad axe of freezing (weapon)
Missiles
 f - 29 boomerangs
 p - 26 poisoned darts
 B - 3 darts of dispersal
 G - 4 javelins
 L - 12 throwing nets
 O - 3 curare-tipped darts
Armour
 c - a scarf of repulsion (worn)
 l - a +0 pair of boots (worn)
 y - a +0 pair of gloves (worn)
 Q - a +0 cloak of cold resistance
 T - the +0 hat of Free Expression {rN++ Str+2 Dex+3}
   (You found it in a treasure trove)

   Str+2:     It affects your strength (+2).
   Dex+3:     It affects your dexterity (+3).
   rN++:      It greatly protects you from negative energy.
 W - a +1 plate armour of cold resistance (worn)
 Y - a +0 tower shield (worn)
Jewellery
 v - a ring of flight (right hand)
 x - the ring of Temyoluo {Will+ AC+4}
   (You found it in a treasure trove)

   [ring of protection]

   AC+4:      It affects your AC (+4).
   Will+:     It increases your willpower.
 I - the amulet of Suefojal (around neck) {-Cast rElec rC+ Regen+ rCorr SInv}
   (You found it on level 5 of the Dungeon)

   [amulet of regeneration]

   rC+:       It protects you from cold.
   rElec:     It insulates you from electricity.
   SInv:      It lets you see invisible.
   -Cast:     It prevents spellcasting.
   Regen+:    It increases your rate of health regeneration.
   rCorr:     It protects you from acid and corrosion.
 X - the ring of Emuv (left hand) {Fire rElec rPois Str-5}
   (You bought it in a shop on level 9 of the Dungeon)

   [ring of fire]

   Fire:      It enhances your fire magic.
   Str-5:     It affects your strength (-5).
   rF+:       It protects you from fire.
   rC-:       It makes you vulnerable to cold.
   rElec:     It insulates you from electricity.
   rPois:     It protects you from poison
Wands
 b - a wand of digging (5)
 n - a wand of roots (8)
 q - a wand of flame (38)
 w - a wand of mindburst (15) (quivered)
 J - a wand of quicksilver (17)
 K - a wand of charming (14)
 Z - a wand of polymorph (10)
Scrolls
 a - 3 scrolls of fog
 i - 2 scrolls of silence
 j - 12 scrolls of teleportation
 o - 3 scrolls of butterflies
 r - 6 scrolls of immolation
 t - a scroll of enchant weapon
 z - a scroll of enchant armour
 D - 4 scrolls of blinking
 F - 4 scrolls of vulnerability
 H - a scroll of poison
 S - 4 scrolls of fear
 V - a scroll of revelation
Potions
 d - 4 potions of curing
 e - 5 potions of cancellation
 g - 6 potions of haste
 h - 4 potions of resistance
 k - a potion of mutation
 s - 6 potions of might
 u - 5 potions of magic
 C - a potion of enlightenment
 E - 4 potions of heal wounds
 M - 4 potions of invisibility
 R - 3 potions of lignification
Miscellaneous
 m - a lightning rod (4/4)


   Skills:
 + Level 16.9 Fighting
 - Level 18.0 Axes
 - Level 8.0 Throwing
 + Level 16.8 Armour
 - Level 12.0 Dodging
 + Level 16.8 Shields
 - Level 8.0 Evocations


You had 16 spell levels left.
You didn't know any spells.
Your spell library was empty.

Dungeon Overview and Level Annotations

Branches:
Dungeon (15/15)            Temple (0/1) D:7            Lair (5/5) D:11
  Swamp (0/4) Lair:3       Spider (0/4) Lair:2        Slime (0/5) Lair:4
    Orc (2/2) D:10            Elf (2/3) Orc:2        Vaults (0/5) D:13
 Depths (0/4) D:15         Bailey (visited)           IceCv (visited)
Volcano (visited)

Altars:
Gozag
Hepliaklqana
Makhleb
Ru
Trog
Uskayaw
Vehumet
Xom
Zin
Jiyva

Shops:
D:7 (   D:9 =   D:10 [!**   Orc:1 *:   Orc:2 ([:   Elf:1 (


Innate Abilities, Weirdness & Mutations

You have a pair of large horns on your head.
You reflexively headbutt those who attack you in melee.
You have very sharp teeth.
You are partially covered in iridescent scales. (AC +2)
Your magical capacity is low. (-10% MP)


Message History

The +1 lajatang of freezing barely misses you.
You furiously retaliate!
You headbutt the +1 lajatang of freezing!
The +4 scimitar of protection hits you.
You block the +2 dire flail of draining's attack.
You block the +1 lajatang of freezing's attack.
You hit the +4 scimitar of protection but do no damage.
You headbutt the +4 scimitar of protection, but do no damage.
The +4 scimitar of protection is almost destroyed.
You slash the +1 lajatang of freezing! You hit the +2 dire flail of draining.
You block the +4 scimitar of protection's attack.
The +2 dire flail of draining hits you!!
You feel drained. The +1 lajatang of freezing hits you!
The +1 lajatang of freezing freezes you.
You block the +4 scimitar of protection's attack.
You barely miss the +4 scimitar of protection.
The +4 scimitar of protection is severely damaged.
You slash the +1 lajatang of freezing!
The +1 lajatang of freezing falls from the air.
Trog accepts your kill.
You hit the +2 dire flail of draining.
The +2 dire flail of draining hits you!!
* * * LOW HITPOINT WARNING * * *
You feel drained.
* * * LOW HITPOINT WARNING * * *
The +4 scimitar of protection hits you!
* * * LOW HITPOINT WARNING * * *
You block the +2 dire flail of draining's attack.
You feel much better.
You block the +4 scimitar of protection's attack.
The +2 dire flail of draining hits you!
* * * LOW HITPOINT WARNING * * *
You feel drained.
* * * LOW HITPOINT WARNING * * *
You block the +4 scimitar of protection's attack.
As you read the scroll of teleportation, it crumbles to dust.
You feel strangely unstable. The +2 dire flail of draining hits you!
* * * LOW HITPOINT WARNING * * *
You feel drained.
You die...

...............
............... #
............... #
................. #
...............^. #
#............... #
#.............. #
#...(......... #
###)@(e.......
#######)')........
##.....))')........
##..⌠.....##........
##.........##........
##..........###.......
##...))......# #......
#..........⌠.# #.....
#....).......# .....


You could see a deep elf knight (fast, invisible) and 2 dancing weapons.

Vanquished Creatures
  Jorgrun (Orc:1)
  Kirke (Lair:4)
  Gastronok (Lair:1)
  A frost giant (D:15)
  2 deep elf sorcerers
  A reaper (IceCv)
  An orc warlord (Bailey)
  Nessos (D:14)
  A red draconian (Volcano)
  Snorg (Lair:5)
  A crystal guardian (D:15)
  An ettin (D:13)
  A vault guard (D:13)
  An entropy weaver (D:13)
  An entropy weaver (shapeshifter) (D:14)
  Harold (Lair:2)
  A hydra (Lair:3)
  An ogre mage (D:13)
  5 two-headed ogres
  6 catoblepae
  4 centaur warriors
  15 dancing weapons
  11 death yaks (Lair:5)
  A tengu warrior (D:13)
  3 boulder beetles
  Urug (Lair:5)
  7 orc high priests (Orc:2)
  A sun demon (D:15)
  14 deep elf knights
  A shock serpent (shapeshifter) (Elf:1)
  Amaemon (Lair:2)
  A hell knight (D:15)
  2 salamander mystics
  A fire crab (D:15)
  4 arcanists
  The ghost of Quickbrownfox the Martial Artist, a novice OpSh of Gozag (D:7)
  Pikel (D:6)
  27 deep elf zephyrmancers
  26 deep elf pyromancers
  An orc knight (Bailey)
  A lindwurm (Lair:5)
  7 deep elf archers
  9 cyclopes
  5 ugly things
  7 orc sorcerers
  7 manticores
  7 salamanders
  3 meliai (D:14)
  A meliai (shapeshifter) (D:10)
  The ghost of MineralWater the Grappler, a novice TrBe of Trog (D:5)
  A guardian serpent (shapeshifter) (D:15)
  2 ice statues (IceCv)
  7 black mambas
  7 slime creatures (D:14)
  11 elephants
  3 rust devils (D:15)
  2 kobold blastminers (Orc:2)
  An orange demon (Lair:2)
  5 molten gargoyles
  13 cane toads
  4 torpor snails
  Maggie (D:6)
  8 gargoyles
  Jeremiah (D:6)
  3 efreet
  6 komodo dragons
  3 tengu conjurers
  6 rime drakes
  An anaconda simulacrum (IceCv)
  A freezing wraith (D:15)
  6 yaktaurs (D:15)
  6 ice devils (IceCv)
  2 polar bears
  7 trolls
  2 hornets (D:11)
  A tarantella (shapeshifter) (D:15)
  Prince Ribbit (D:6)
  A wolf spider simulacrum (D:15)
  Grinder (D:5)
  17 blink frogs
  A wind drake (D:15)
  11 dream sheep
  A shadow (D:11)
  2 air elementals
  5 wyverns
  70 yaks
  6 water elementals
  A steam dragon (Lair:1)
  3 wraiths
  A dire elephant simulacrum (IceCv)
  Grum (D:8)
  2 fire elementals (Elf:2)
  6 hogs (Lair:4)
  8 wargs
  5 basilisks
  2 death yak simulacra (IceCv)
  A harpy simulacrum (IceCv)
  13 vampire mosquitoes
  2 acid dragons
  17 water moccasins
  3 meliai simulacra (D:15)
  A sky beast (D:6)
  4 ice beasts
  30 orc warriors
  3 black bears
  3 laughing skulls
  2 ogres
  11 wolves
  9 centaurs
  2 phantoms
  6 kobold brigands
  15 bullfrogs
  3 scorpions
  2 two-headed ogre simulacra (IceCv)
  2 cane toad simulacra (IceCv)
  5 gnoll sergeants
  An earth elemental (Elf:2)
  10 wights
  14 killer bees
  6 howler monkeys
  The ghost of tykejmi the Chiller, a weakling DrIE (D:3)
  2 bombardier beetles
  3 electric eels
  4 jellies
  4 quasits (D:5)
  Crazy Yiuf (D:7)
  6 hounds
  2 gnoll boudas
  27 orc priests
  6 iguanas
  21 orc wizards
  Natasha (thrice) (D:3)
  4 spriggan simulacra (IceCv)
  2 troll simulacra (IceCv)
  2 wolf simulacra (IceCv)
  32 gnolls
  3 naga simulacra (IceCv)
  11 adders
  2 shadow imps
  A white imp (D:8)
  4 ufetubi
  4 dart slugs
  2 ribbon worms
  122 orcs
  10 ball pythons
  4 endoplasms
  2 giant cockroaches (D:4)
  25 goblins
  16 hobgoblins
  25 kobolds
  4 quokkas
  9 bats
  5 frilled lizards
  2 rats
992 creatures vanquished.

Vanquished Creatures (collateral kills)
  A warg (Orc:2)
  An orc warrior (Orc:2)
  An orc wizard (Orc:2)
  2 orcs (Orc:2)
5 creatures vanquished.

Vanquished Creatures (others)
  2 deep elf knights (Elf:2)
  A deep elf archer (Elf:2)
  3 deep elf pyromancers
  A deep elf zephyrmancer (Elf:2)
  A water elemental (Elf:2)
  A basilisk (shapeshifter) (D:15)
  An orc wizard (Orc:2)
  A boggart simulacrum (D:13)
11 creatures vanquished.

Grand Total: 1008 creatures vanquished

Notes
Turn   | Place    | Note
-------+----------+-------------------------------------------
     0 | D:1      | nitefall the Minotaur Berserker began the quest for the
                  | Orb.
     0 | D:1      | Reached XP level 1. HP: 19/19 MP: 0/0
   142 | D:1      | Found a faded altar of an unknown god.
   273 | D:1      | Reached XP level 2. HP: 27/27 MP: 1/1
   591 | D:1      | Reached skill level 1 in Throwing
   998 | D:2      | Reached skill level 4 in Axes
   998 | D:2      | Reached skill level 1 in Shields
   998 | D:2      | Reached XP level 3. HP: 20/33 MP: 2/2
  1055 | D:2      | Reached ** piety under Trog
  1691 | D:3      | Found a bloodstained altar of Trog.
  1705 | D:3      | Noticed Natasha
  1707 | D:3      | Killed Natasha
  1708 | D:3      | Reached XP level 4. HP: 29/40 MP: 3/3
  1840 | D:3      | Noticed Natasha
  1847 | D:3      | Killed Natasha
  1959 | D:3      | Identified the +3 ring mail of Vyddeurye {Str+3}
  2070 | D:3      | Found a runed translucent gate.
  2071 | D:3      | Found a runed translucent gate.
  2072 | D:3      | Found a runed translucent gate.
  2074 | D:3      | Noticed tykejmi's ghost (weakling DrIE)
  2141 | D:3      | Found a sacrificial altar of Ru.
  2150 | D:3      | Reached XP level 5. HP: 43/46 MP: 4/4
  2162 | D:3      | Reached *** piety under Trog
  2338 | D:3      | Noticed Natasha
  2345 | D:3      | Killed Natasha
  2540 | D:3      | Reached skill level 5 in Axes
  2550 | D:3      | Killed tykejmi's ghost
  2670 | D:4      | Reached XP level 6. HP: 42/53 MP: 5/5
  3105 | D:4      | Found a glowing silver altar of Zin.
  3106 | D:4      | Found a radiant altar of Vehumet.
  3226 | D:5      | Entered Level 5 of the Dungeon
  3226 | D:5      | Found a shimmering altar of Xom.
  3232 | D:5      | Noticed a wyvern
  3235 | D:5      | Noticed an ice beast
  3249 | D:5      | Killed a wyvern
  3250 | D:5      | Reached skill level 5 in Fighting
  3250 | D:5      | Reached XP level 7. HP: 11/61 MP: 6/6
  3465 | D:5      | Reached skill level 6 in Axes
  3811 | D:5      | Found a transporter.
  3816 | D:5      | Noticed MineralWater's ghost (novice TrBe)
  3867 | D:5      | Found a transporter.
  3928 | D:5      | Killed MineralWater's ghost
  3929 | D:5      | Reached skill level 7 in Axes
  3929 | D:5      | Reached skill level 5 in Armour
  3929 | D:5      | Reached XP level 8. HP: 70/70 MP: 7/7
  3935 | D:5      | Identified the amulet of Suefojal {-Cast rElec rC+ Regen+
                  | rCorr SInv}
  4060 | D:5      | Noticed Grinder
  4073 | D:5      | Killed Grinder
  4102 | D:5      | Reached skill level 8 in Axes
  4179 | D:5      | Reached skill level 5 in Dodging
  4179 | D:5      | Reached skill level 5 in Shields
  4480 | D:6      | Noticed Prince Ribbit
  4493 | D:6      | Reached XP level 9. HP: 59/78 MP: 8/8
  4497 | D:6      | Killed Prince Ribbit
  4781 | D:6      | Noticed Maggie
  4789 | D:6      | Killed Maggie
  4791 | D:6      | Reached skill level 9 in Axes
  4861 | D:6      | Noticed Pikel
  4875 | D:6      | Reached skill level 5 in Throwing
  4888 | D:6      | Killed Pikel
  5067 | D:6      | Reached **** piety under Trog
  5105 | D:6      | Reached XP level 10. HP: 77/88 MP: 9/9
  5189 | D:6      | Noticed Jeremiah
  5225 | D:6      | Killed Jeremiah
  5226 | D:6      | Reached skill level 10 in Axes
  5728 | D:7      | Found a large runed translucent door.
  5728 | D:7      | Found a large runed translucent door.
  5732 | D:7      | Noticed Quickbrownfox's ghost (novice OpSh)
  5802 | D:7      | Found a staircase to the Ecumenical Temple.
  6046 | D:7      | Found Fonuem's Weapon Shoppe.
  6054 | D:7      | Bought a +7 broad axe of electrocution for 611 gold pieces
  6280 | D:7      | Found a runed translucent door.
  6281 | D:7      | Noticed Crazy Yiuf
  6350 | D:7      | Killed Quickbrownfox's ghost
  6412 | D:7      | Killed Crazy Yiuf
  6482 | D:8      | Noticed Grum
  6488 | D:8      | Killed Grum
  6489 | D:8      | Reached skill level 11 in Axes
  6573 | D:8      | Found a flagged portal.
  6599 | Bailey   | Entered a bailey
  6641 | Bailey   | Reached ***** piety under Trog
  6669 | Bailey   | Noticed an orc knight
  6682 | Bailey   | Killed an orc knight
  6688 | Bailey   | Reached XP level 11. HP: 94/94 MP: 10/10
  6824 | Bailey   | Noticed an orc warlord
  6830 | Bailey   | Received a gift from Trog
  6836 | Bailey   | Killed an orc warlord
  6837 | Bailey   | Reached skill level 12 in Axes
  6867 | Bailey   | Identified the +6 quarterstaff of Bloodstone {pain, rC+ rN+
                  | Int+4}
  7252 | D:8      | Found a burning altar of Makhleb.
  7259 | D:8      | Found an opulent altar of Gozag.
  7262 | D:8      | Found a hide-covered altar of Uskayaw.
  7394 | D:8      | Reached skill level 15 in Axes
  7394 | D:8      | Reached XP level 12. HP: 101/101 MP: 11/11
  7430 | D:9      | Found Madwoa Piacw's Jewellery Shoppe.
  7539 | D:9      | Noticed a two-headed ogre
  7544 | D:9      | Killed a two-headed ogre
  7571 | D:9      | Reached skill level 16 in Axes
  7966 | D:10     | Entered Level 10 of the Dungeon
  7966 | D:10     | Found Riffomm's Distillery.
  7970 | D:10     | Bought a potion of degeneration for 15 gold pieces
  7970 | D:10     | Bought a potion of curing for 45 gold pieces
  7970 | D:10     | Bought a potion of heal wounds for 75 gold pieces
  7983 | D:10     | Found Hoerax's Armour Shoppe.
  8158 | D:10     | Found Cuilawn's Assorted Antiques.
  8166 | D:10     | Identified the +1 mace of Uncertain Death {vamp, rPois rF+
                  | Str-2 Dex+2}
  8189 | D:10     | Bought a scroll labelled FYTISCHARGH for 31 gold pieces
  8189 | D:10     | Bought a scroll labelled UNAGRE LORUIXT for 31 gold pieces
  8195 | D:10     | Noticed a two-headed ogre
  8204 | D:10     | Killed a two-headed ogre
  8233 | D:10     | You fall into a shaft and drop 1 floor!
  8324 | D:11     | Found a staircase to the Lair.
  8354 | D:11     | Reached skill level 17 in Axes
  8838 | D:11     | Reached skill level 18 in Axes
  9299 | D:10     | Noticed a two-headed ogre
  9304 | D:10     | Killed a two-headed ogre
  9305 | D:10     | Reached skill level 1 in Evocations
  9367 | D:10     | Reached XP level 13. HP: 103/107 MP: 12/12
  9517 | D:10     | Found Bacwo's Assorted Antiques.
  9521 | D:10     | Bought a scroll labelled FECUFOMINY for 28 gold pieces
  9521 | D:10     | Bought a scroll labelled RAESSA CIEMU for 28 gold pieces
  9521 | D:10     | Bought a silvery potion for 25 gold pieces
  9521 | D:10     | Bought a kite shield for 126 gold pieces
  9569 | D:9      | Bought the ring of Emuv {Fire rElec rPois Str-5} for 457
                  | gold pieces
  9653 | Lair:1   | Entered Level 1 of the Lair of Beasts
 10129 | Lair:1   | Reached ****** piety under Trog
 10630 | Lair:1   | Noticed Gastronok
 10641 | Lair:1   | Killed Gastronok
 10774 | Lair:2   | Noticed Harold
 10787 | Lair:2   | Killed Harold
 11014 | Lair:2   | Noticed Amaemon
 11027 | Lair:2   | Killed Amaemon
 11145 | Lair:2   | Received a gift from Trog
 11257 | Lair:2   | Found a hole to the Spider Nest.
 11637 | Lair:2   | Reached skill level 10 in Fighting
 11670 | Lair:2   | Reached skill level 10 in Armour
 12024 | Lair:3   | Reached skill level 10 in Shields
 12234 | Lair:3   | Reached XP level 14. HP: 121/121 MP: 13/13
 12242 | Lair:3   | Reached skill level 10 in Dodging
 12627 | Lair:3   | Reached skill level 5 in Evocations
 12846 | Lair:3   | Found a staircase to the Swamp.
 13071 | Lair:4   | Noticed Kirke
 13071 | Lair:4   | Found a staircase to the Slime Pits.
 13083 | Lair:4   | Noticed a sphinx
 13088 | Lair:4   | Killed Kirke
 13100 | Lair:4   | Found a viscous altar of Jiyva.
 13151 | Lair:4   | Received a gift from Trog
 13241 | Lair:4   | Found a dark tunnel.
 13251 | Volcano  | Entered a volcano
 13403 | Volcano  | Noticed an orb of fire
 13441 | Volcano  | Noticed an orb of fire
 14252 | Lair:4   | Found a radiant altar of Vehumet.
 14679 | Lair:5   | Entered Level 5 of the Lair of Beasts
 15050 | Lair:5   | Received a gift from Trog
 15104 | Lair:5   | Reached XP level 15. HP: 132/132 MP: 14/14
 15283 | Lair:5   | Noticed Urug
 15294 | Lair:5   | Killed Urug
 15379 | Lair:5   | Noticed Snorg
 15391 | Lair:5   | Killed Snorg
 16174 | D:12     | Found a frozen archway.
 16181 | IceCv    | Entered an ice cave
 16365 | IceCv    | Received a gift from Trog
 17363 | D:13     | Found a gate to the Vaults.
 17641 | D:13     | Found a portal to a secret trove of treasure.
 17960 | D:9      | Bought a ring of flight for 245 gold pieces
 19094 | D:13     | Found the +27 heavy crossbow "Sniper" {heavy, Acc+∞ SInv}
 19387 | D:10     | Bought the +1 robe of Vines {NoPotionHeal Regen++++} for
                  | 1280 gold pieces
 19387 | D:10     | Found the +1 robe of Vines {NoPotionHeal Regen++++}
 19507 | D:13     | You paid a toll of the robe of Vines to enter a treasure
                  | trove
 19508 | Trove    | Entered a treasure trove
 19511 | Trove    | Identified the amulet "Esysipof" {Reflect ^Fragile rC+ rN+
                  | Dex+3 SH+5}
 19516 | Trove    | Identified the amulet "Jadiol" {RegenMP Str+2}
 19523 | Trove    | Identified the +0 hat of Free Expression {rN++ Str+2 Dex+3}
 19525 | Trove    | Identified the +0 hat "Boyr Mynurpha" {rElec rC+ Slay-2}
 19549 | Trove    | Identified the ring "Fyacesko" {rC+ Slay+4}
 19564 | Trove    | Identified the ring of Temyoluo {Will+ AC+4}
 19573 | Trove    | Identified the ring "Avvack" {*Slow rN+ rCorr EV+5 Int+7}
 19590 | Trove    | Identified the ring of Dibuwul {*Slow rF- rC+++ MP+9 Str+3}
 19593 | Trove    | Identified the ring "Qirutul" {rPois rF- rC+++ Str+2 SInv}
 19601 | Trove    | Identified the ring of the Winnowing Saviour {rPois rN+
                  | Str-4 Dex+6}
 19717 | D:14     | Found a hazy altar of Hepliaklqana.
 19834 | D:14     | Noticed Nessos
 19849 | D:14     | Killed Nessos
 20181 | D:14     | Received a gift from Trog
 20389 | D:15     | Entered Level 15 of the Dungeon
 20464 | D:15     | Reached XP level 16. HP: 135/145 MP: 15/15
 20933 | D:15     | Identified the +3 leather armour "Lomodgh" {rC+}
 21102 | D:15     | Found a staircase to the Depths.
 21103 | D:15     | Paralysed by an air elemental for 1 turns
 21116 | D:15     | Identified the staff of Crystal {rF+ Will- Dex+3 Fire Air}
 21185 | D:15     | Received a gift from Trog
 21677 | D:10     | Found a staircase to the Orcish Mines.
 21708 | Orc:1    | Entered Level 1 of the Orcish Mines
 21708 | Orc:1    | Found Umuuny's Book Emporium.
 21825 | Orc:2    | Entered Level 2 of the Orcish Mines
 21924 | Orc:2    | HP: 5/147 [sun demon[an orc high priest] (7)]
 21953 | Orc:2    | Identified the +1 hand axe of Weak Execution {heavy, rC+}
                  | (Trog gifted it to you on level 2 of the Orcish Mines)
 21953 | Orc:2    | Received a gift from Trog
 22124 | Orc:2    | Found Gerod's Antique Weapon Shop.
 22303 | Orc:2    | Found a staircase to the Elven Halls.
 22318 | Orc:2    | Reached skill level 15 in Fighting
 22476 | Orc:2    | Found Nupaotel's Book Boutique.
 22524 | Orc:2    | Found Watho's Antique Armour Boutique.
 22527 | Orc:2    | Received a gift from Trog
 22535 | Orc:2    | Reached skill level 15 in Armour
 22535 | Orc:2    | Reached skill level 15 in Shields
 22568 | Orc:2    | Bought a runed chain mail for 247 gold pieces
 22785 | Orc:1    | Paralysed by an orc sorcerer for 4 turns
 22873 | Orc:1    | Found Ruufeit's General Store.
 22937 | Orc:1    | Noticed Jorgrun
 22964 | Orc:1    | Killed Jorgrun
 23269 | Elf:1    | Entered Level 1 of the Elven Halls
 23401 | Elf:1    | Received a gift from Trog
 23865 | Elf:1    | Reached XP level 17. HP: 158/158 MP: 16/16
 24030 | Elf:1    | Found Suneo's Antique Weapon Shoppe.
 24211 | Elf:2    | Identified the +0 long sword of Muduin {venom, rElec Will+
                  | Int+4}
 24259 | Elf:2    | Gained mutation: You are weak. (Str -2) [a neqoxec]
 24261 | Elf:2    | Gained mutation: You sometimes lose your temper in combat.
                  | [a neqoxec]
 24300 | Elf:2    | Found a runed translucent gate.
 24301 | Elf:2    | Found a runed translucent gate.
 24301 | Elf:2    | Found a runed translucent gate.
 24343 | Elf:2    | Received a gift from Trog
 24493 | Elf:2    | Lost mutation: You sometimes lose your temper in combat.
                  | [potion of mutation]
 24493 | Elf:2    | Lost mutation: You are weak. (Str -2) [potion of mutation]
 24493 | Elf:2    | Gained mutation: You have very sharp teeth. [potion of
                  | mutation]
 24493 | Elf:2    | Gained mutation: You have a pair of large horns on your
                  | head. [potion of mutation]
 24493 | Elf:2    | Gained mutation: Your magical capacity is low. (-10% MP)
                  | [potion of mutation]
 24493 | Elf:2    | Gained mutation: You are partially covered in iridescent
                  | scales. (AC +2) [potion of mutation]
 24804 | Elf:2    | Received a gift from Trog
 24888 | Elf:2    | HP: 6/123 [+2 dire flail of draining (15)]
 24888 | Elf:2    | Slain by a +2 dire flail of draining

Illustrated notes

Levels and vault maps discovered:
D:1:      saegor_arrival_simple_a, layout_loops_corners,
          shapermc_ecumenical_altar_mp_ritualfount
D:2:      layout_rooms, dk_noncrumbling_2
D:3:      layout_basic, mainiacjoe_overflow_surrounded_room,
          nicolae_ru_great_annihilating_truth, biasface_ghost_orc_armoury,
          corexii_hall_statues_x, minmay_misc_feat_five, chequers_arboretum,
          uniq_natasha
D:4:      layout_basic, chequers_temple_overflow_statue_of_worship
D:5:      layout_loops_ring, xom_teletrap_fun, gammafunk_ghost_stat_death,
          uniq_grinder
D:6:      minmay_polygon_palace, layout_basic, minivault_26, minmay_circle_x,
          uniq_jeremiah, uniq_maggie, uniq_pikel, uniq_prince_ribbit1
D:7:      layout_rooms, minmay_temple_entry_statues_pillars, serial_shops,
          nicolae_shop_bloodbath_and_beyond, ebering_ghost_disaster_area,
          dreamdust_princess_bridge, chequers_serial_rivers_marsh,
          dk_rats_in_the_wall, uniq_crazy_yiuf_cottage
D:8:      layout_cave_pools, minitemple, enter_bailey_3, corexii_corridor_pit,
          uniq_grum
D:9:      layout_roguey, serial_shops, nicolae_shop_tiny_statue_garden
D:10:     minmay_curly_fans, layout_cave_pools,
          kennysheep_orc_monster_closet_entryway, serial_shops,
          nicolae_shop_tiny_glass, nicolae_shop_hallway_stairs,
          nicolae_shop_back_alley_shop, nicolae_shop_window_shopping,
          kennysheep_path_1
D:11:     layout_irregular_city, minmay_lair_entry_grove,
          lightli_church_of_beogh
D:12:     layout_basic, portal_ice_cave_rime
D:13:     minmay_connected_boxes_in_corner, layout_basic,
          hellmonk_vaults_order_and_chaos, nicolae_trove_entry_isolated
D:14:     layout_grid_maze, nzn_hepliaklqana_mist_gate, uniq_nessos
D:15:     hangedman_crystal_crosses_colossus [crystal_crosses_arms_two,
          crystal_crosses_arms_one, crystal_crosses_arms_one], serial_shops
Lair:1:   layout_regular_city, infiniplex_staircase_pool_2, uniq_gastronok
Lair:2:   layout_layer_cave, spider_nest_entry_web_field, uniq_amaemon,
          uniq_harold
Lair:3:   nzn_winding_woodlands_small [nzn_winding_woodlands_5x15_longhouse,
          nzn_winding_woodlands_center_lodge,
          nzn_winding_woodlands_5x15_sawtooth], layout_hall_layers, swamp_mist,
          serial_bayou_shore_a
Lair:4:   layout_cave_pods, nicolae_slime_entry_field_trip,
          lightli_volcano_entry_magma_tube, basic_altar, uniq_kirke
Lair:5:   evilmike_catoblepas_cave, layout_hall_layers, uniq_snorg, uniq_urug
Orc:1:    layout_diamond_mine, serial_shops,
          nicolae_shop_competitors_out_of_business, shop, uniq_jorgrun
Orc:2:    st_orc_town, layout_caves, basic_altar
Elf:1:    nicolae_elf_arrival_no_cutting_in_line, layout_geoelf_octagon,
          serial_shops, shop, minmay_elf_crystal_hexagon
Elf:2:    nicolae_elf_blades_crystal_corner, layout_geoelf_octagon

Skill      XL: |  1  2  3  4  5  6  7  8  9 10 11 12 13 14 15 16 17 |
---------------+----------------------------------------------------+-----
Throwing       | 1 2 3 4 5 6 7 8 |  8.0
Axes           | 4 5 7 8 9 11 15 18 | 18.0
Shields        | 1 2 3 4 5 6 7 8 10 11 13 15 16 | 16.8
Fighting       | 4 5 6 7 8 10 12 13 15 16 | 16.9
Armour         | 3 4 5 6 8 10 12 13 15 16 | 16.8
Dodging        | 3 4 5 6 7 8 9 11 12 | 12.0
Evocations     | 1 4 6 8 |  8.0

Action                     |  1- 3 |  4- 6 |  7- 9 | 10-12 | 13-15 | 16-18 || total
---------------------------+-------+-------+-------+-------+-------+-------++-------
  Melee: Hand axe          |    93 |   156 |   296 |    91 |       |       ||   636
         Headbutt          |    13 |    28 |    59 |    75 |   225 |   149 ||   549
         Punch             |       |     2 |     7 |     2 |       |       ||    11
         Broad axe         |       |       |       |   291 |   879 |   676 ||  1846
         Unarmed           |       |       |       |       |     4 |       ||     4
         Bite              |       |       |       |       |       |     4 ||     4
  Throw: Boomerang         |       |       |       |     5 |    10 |       ||    15
 Invoke: Trog's Hand       |       |     3 |     4 |     4 |     4 |     6 ||    21
         Berserk           |       |     1 |     4 |     4 |     4 |     3 ||    16
         Brothers in Arms  |       |       |       |       |     1 |     1 ||     2
  Evoke: Wand              |       |       |       |     3 |     3 |       ||     6
    Use: Scroll            |       |       |       |     5 |    23 |     5 ||    33
         Potion            |       |       |       |     1 |       |     2 ||     3
   Stab: Distracted        |       |       |       |       |     1 |       ||     1
         Petrified         |       |       |       |       |     2 |       ||     2
 Armour: Animal skin       |    27 |       |       |       |       |       ||    27
         Scale mail        |    33 |    58 |       |       |       |       ||    91
         Chain mail        |       |    69 |   223 |   270 |    12 |       ||   574
         Swamp dragon scal |       |       |       |       |   259 |       ||   259
         Ring mail         |       |       |       |       |    33 |       ||    33
         Skin              |       |       |       |       |     2 |       ||     2
         Plate armour      |       |       |       |       |   159 |   358 ||   517
  Dodge: Dodged            |    52 |    78 |   170 |   267 |   332 |   180 ||  1079
         Repelled          |       |       |       |       |    10 |    19 ||    29
  Block: Kite shield       |       |       |       |       |   410 |       ||   410
         Tower shield      |       |       |       |       |    93 |   533 ||   626
